 Dungeon Crawl Stone Soup version 0.29.0-7-g18a832c13a (webtiles) character file.

Game seed: 15597760775815301389

29379 SensoryNuts the Fencer (level 13, -10/122 HPs)
             Began as a Minotaur Fighter on Aug 31, 2022.
             Mangled by a ten-headed hydra (13 damage)
             ... summoned by a glowing orange brain
             ... on level 3 of the Lair of Beasts.
             The game lasted 00:21:46 (16068 turns).

SensoryNuts the Fencer (Minotaur Fighter)          Turns: 16068, Time: 00:21:47

Health: -10/122    AC: 19    Str: 20    XL:     13   Next: 14%
Magic:  12/12      EV:  7    Int:  5    God:
Gold:   719        SH: 17    Dex: 16    Spells: 12/12 levels left

rFire   . . .      SeeInvis .   t - +4 scimitar
rCold   . . .      Faith    .   x - +0 kite shield
rNeg    . . .      Spirit   .   h - +1 plate armour
rPois   .          Reflect  .   (helmet unavailable)
rElec   .          Harm     .   j - +0 cloak
rCorr   .          Rampage  .   (no gloves)
Will    .....                   k - +0 pair of boots
Stlth   ..........              o - amulet of regeneration
HPRegen 1.10/turn               (no ring)
MPRegen 0.13/turn               (no ring)

@: afraid
A: horns 3, retaliatory headbutt, large bone plates 1, mutation resistance 1
a: no special abilities


You were on level 3 of the Lair of Beasts.
You visited 3 branches of the dungeon, and saw 16 of its levels.
You visited the Abyss 1 time.

You collected 719 gold pieces.

Inventory:

Hand Weapons
 t - a +4 scimitar (weapon)
 A - a +2 long sword
Missiles
 p - 4 throwing nets
Armour
 h - a +1 plate armour (worn)
 j - a +0 cloak (worn)
 k - a +0 pair of boots (worn)
 x - a +0 kite shield (worn)
 C - +0 acid dragon scales
Jewellery
 a - a ring of ice
 c - a ring of flight
 o - an amulet of regeneration (around neck)
 q - a ring of willpower
 y - an amulet of faith
Wands
 e - a wand of flame (32) (quivered)
 n - a wand of charming (6)
 v - a wand of digging (3)
 w - a wand of acid (15)
 E - a wand of iceblast (4)
Scrolls
 d - a scroll of amnesia
 i - 2 scrolls of teleportation
 l - 2 scrolls of fog
 m - 6 scrolls of identify
 s - 4 scrolls of poison
 u - 3 scrolls of magic mapping
 F - a scroll of fear
Potions
 b - a potion of magic
 f - a potion of degeneration
 g - 7 potions of curing
 r - a potion of cancellation
 z - 3 potions of lignification
 B - a potion of brilliance
 G - a potion of resistance {unknown}
Miscellaneous
 D - a phantom mirror (inert)
 H - a box of beasts (inert)


   Skills:
 + Level 13.0 Fighting
 + Level 15.9 Long Blades
 + Level 12.7 Armour
 + Level 2.7 Dodging
 + Level 2.4 Stealth
 + Level 12.6 Shields
 + Level 0.1 Evocations


You had 12 spell levels left.
You didn't know any spells.
Your spell library contained the following spells:

 Spells                   Type           Power      Damage    Failure   Level
 Summon Small Mammal      Summ           0%         N/A       100%        1
 Ensorcelled Hibernation  Hex/Ice        0%         N/A       100%        2
 Call Canine Familiar     Summ           0%         N/A       100%        3
 Gell's Gravitas          Tloc           0%         N/A       100%        3
 Spider Form              Tmut/Pois      0%         N/A       100%        3
 Summon Guardian Golem    Hex/Summ       0%         N/A       100%        3
 Teleport Other           Tloc           0%         N/A       100%        3
 Anguish                  Hex/Necr       0%         N/A       100%        4
 Corpse Rot               Necr/Pois/Air  0%         N/A       100%        4
 Dispel Undead            Necr           0%         3d6       100%        4
 Iskenderun's Battlesphe  Conj           0%         2d6       100%        5
 Death Channel            Necr           0%         N/A       100%        6
 Dispersal                Tloc           0%         N/A       100%        6
 Iron Shot                Conj/Erth      0%         9d1       100%        6
 Spellforged Servitor     Conj/Summ      0%         N/A       100%        7


Dungeon Overview and Level Annotations

Branches:
Dungeon (11/15)            Temple (1/1) D:4            Lair (4/5) D:11
 Shoals (0/4) Lair:3        Snake (0/4) Lair:3
  Slime: Lair:4-5       Orc: D:9-12

Altars:
Ashenzari
Cheibriados
Dithmenos
Elyvilon
Fedhas
Gozag
Hepliaklqana
Kikubaaqudgha
Makhleb
Nemelex Xobeh
Okawaru
Qazlal
Ru
Sif Muna
Trog
Uskayaw
Vehumet
Wu Jian
Xom
Yredelemnul
Zin
The Shining One
Jiyva

Portals:
Trove: D:11 (give 17 potions of curing)

Annotations:
Lair:1 exclusion: oklob plant
Lair:2 exclusion: oklob plant
Lair:3 Tollund's ghost, journeyman BaIE


Innate Abilities, Weirdness & Mutations

You have a pair of large horns on your head.
You reflexively headbutt those who attack you in melee.
You are partially covered in large bone plates. (SH +4)
You are somewhat resistant to further mutation.


Message History

The eight-headed hydra bites you. The eight-headed hydra bites you!
* * * LOW HITPOINT WARNING * * *
The eight-headed hydra bites you but does no damage.
The eight-headed hydra barely misses you.
The eight-headed hydra bites you.
* * * LOW HITPOINT WARNING * * *
The eight-headed hydra bites you but does no damage.
The eight-headed hydra bites you!
* * * LOW HITPOINT WARNING * * *
Tollund's ghost barely misses you. The eight-headed hydra bites you!
* * * LOW HITPOINT WARNING * * *
The eight-headed hydra bites you but does no damage. x2
The eight-headed hydra barely misses you.
The eight-headed hydra bites you but does no damage. x4
The basilisk gazes at you.
You easily resist.
Tollund's ghost hits you but does no damage.
The eight-headed hydra bites you!
* * * LOW HITPOINT WARNING * * *
The eight-headed hydra bites you but does no damage.
The eight-headed hydra completely misses you.
The eight-headed hydra barely misses you.
The eight-headed hydra bites you but does no damage. x3
The eight-headed hydra bites you!
* * * LOW HITPOINT WARNING * * *
The basilisk bites you but does no damage.
You turn to flesh and can move again.
You slice one of the eight-headed hydra's heads off!
The seven-headed hydra grows two more!
You slash the nine-headed hydra!
The nine-headed hydra is moderately wounded.
Tollund's ghost wails, "Death is your only future!"
Tollund's ghost hits you.
* * * LOW HITPOINT WARNING * * *
Unknown command.
You chop one of the nine-headed hydra's heads off!
The eight-headed hydra grows two more!
You slash the ten-headed hydra! You headbutt the ten-headed hydra.
The ten-headed hydra is moderately wounded.
The ten-headed hydra bites you!
You die...

#..##.P##...######P...P####
#..........................
#.....................#P###
##..........#.#.P.^.#..###
##..###.#.#..............#
#.#.# ######............##
##..# #.P........P.# #..##
#.........#..## #...#
##@####.#..#...# #..###
###lWDJG........#####
#..#.###..lJJS.........###..
#...........................
##......#####...............
#.....##..J##..............
#....##....J#....#.........
#....#!$....'...#....##.#.#
#....#_!....'...#...###.###


You could see a ten-headed hydra (summoned), an enormous slime creature, a
glowing orange brain (scary), 2 basilisks, a water moccasin (summoned), 2
jellies and Tollund's ghost.

Vanquished Creatures
  The ghost of mdonais the Fighter, a journeyman DjCK of Ignis (Lair:2)
  Erolcha (D:11)
  Harold (D:10)
  Fannar (D:10)
  2 two-headed ogres
  Urug (D:10)
  Pikel (D:3)
  A manticore (D:8)
  3 black mambas
  A gargoyle (D:10)
  7 cane toads
  An unseen horror (D:11)
  4 rime drakes
  9 komodo dragons
  2 trolls
  10 blink frogs
  A flying skull (Abyss:1)
  A shadow (D:11)
  3 wraiths
  2 basilisks
  25 yaks
  5 wyverns
  A steam dragon (D:8)
  Grum (D:8)
  2 nagas (Lair:3)
  Menkaure (D:4)
  3 acid dragons
  10 water moccasins
  2 orc warriors
  An ice beast (D:8)
  2 black bears
  2 ogres
  19 wolves
  2 phantoms
  5 centaurs
  2 lemures (D:3)
  2 kobold brigands
  16 bullfrogs
  2 necrophages
  A gnoll sergeant (D:11)
  3 scorpions
  16 wights
  5 killer bees (D:9)
  3 howler monkeys
  A quasit (Abyss:1)
  4 hounds
  4 jellies
  A gnoll bouda (D:7)
  An orc priest (D:4)
  Crazy Yiuf (D:7)
  13 orc wizards
  10 hell rats
  5 iguanas
  A mummy (D:10)
  14 gnolls
  7 adders
  2 shadow imps
  3 white imps
  13 orcs
  6 endoplasms
  4 giant cockroaches
  4 goblins
  6 hobgoblins
  4 jackals (D:1)
  18 kobolds
  3 quokkas
  7 ball pythons
  4 bats
  A frilled lizard (D:1)
  5 rats
326 creatures vanquished.

Vanquished Creatures (collateral kills)
  2 hydras (Lair:3)
  2 wolves (Lair:3)
4 creatures vanquished.

Vanquished Creatures (others)
  13 fungi
  59 plants
72 creatures vanquished.

Grand Total: 402 creatures vanquished

Notes
Turn   | Place    | Note
-------+----------+-------------------------------------------
     0 | D:1      | SensoryNuts the Minotaur Fighter began the quest for the
                  | Orb.
     0 | D:1      | Reached XP level 1. HP: 19/19 MP: 0/0
   101 | D:1      | Reached XP level 2. HP: 22/27 MP: 1/1
   998 | D:2      | Reached XP level 3. HP: 33/33 MP: 2/2
  1014 | D:2      | Reached skill level 3 in Long Blades
  1421 | D:2      | Found a faded altar of an unknown god.
  1906 | D:3      | Found a shimmering altar of Xom.
  1907 | D:3      | Found a hazy altar of Hepliaklqana.
  1908 | D:3      | Noticed a spectral ugly thing
  2053 | D:3      | Reached XP level 4. HP: 41/41 MP: 3/3
  2302 | D:4      | Noticed a lemure
  2302 | D:4      | Noticed a lemure
  2302 | D:4      | Found a staircase to the Ecumenical Temple.
  2303 | D:4      | Noticed Pikel
  2340 | D:4      | Noticed Menkaure
  2345 | D:4      | Killed Menkaure
  2346 | D:4      | Reached skill level 4 in Long Blades
  2346 | D:4      | Reached skill level 1 in Dodging
  2346 | D:4      | Reached XP level 5. HP: 30/47 MP: 4/4
  2391 | D:4      | Noticed a lemure
  2394 | D:4      | Noticed a lemure
  2399 | D:3      | Killed a lemure
  2406 | D:3      | Killed a lemure
  2527 | D:3      | Killed Pikel
  2528 | D:3      | Reached skill level 5 in Fighting
  2528 | D:3      | Reached skill level 6 in Long Blades
  2528 | D:3      | Reached skill level 5 in Shields
  2528 | D:3      | Reached XP level 6. HP: 11/56 MP: 5/5
  2528 | D:3      | Reached XP level 7. HP: 12/61 MP: 6/6
  3068 | Temple   | Entered the Ecumenical Temple
  3627 | D:4      | Reached skill level 7 in Long Blades
  3925 | D:5      | Entered Level 5 of the Dungeon
  4382 | D:5      | Reached XP level 8. HP: 52/70 MP: 7/7
  4600 | D:5      | Noticed a two-headed ogre
  4620 | D:5      | Killed a two-headed ogre
  4621 | D:5      | Reached skill level 9 in Long Blades
  4880 | D:5      | Reached XP level 9. HP: 78/78 MP: 8/8
  5626 | D:6      | Reached skill level 10 in Long Blades
  5905 | D:6      | Found a glowing golden altar of the Shining One.
  6669 | D:7      | Reached skill level 11 in Long Blades
  7002 | D:7      | Found a runed translucent door.
  7003 | D:7      | Noticed Crazy Yiuf
  7540 | D:7      | Killed Crazy Yiuf
  7824 | D:8      | Reached XP level 10. HP: 48/88 MP: 9/9
  8278 | D:8      | Reached skill level 12 in Long Blades
  8316 | D:8      | Noticed Grum
  8337 | D:8      | Gained mutation: You sometimes lose your temper in combat.
                  | [potion of mutation]
  8337 | D:8      | Gained mutation: Armour fits poorly on your strangely
                  | shaped body. [potion of mutation]
  8337 | D:8      | Gained mutation: You are agile. (Dex +4, Str/Int -1)
                  | [potion of mutation]
  8353 | D:8      | Killed Grum
  9016 | D:8      | Noticed a manticore
  9024 | D:8      | Killed a manticore
  9209 | D:9      | Noticed a two-headed ogre
  9218 | D:9      | Killed a two-headed ogre
  9519 | D:9      | Found a blossoming altar of Fedhas.
  9575 | D:9      | Reached skill level 13 in Long Blades
 10155 | D:9      | Reached skill level 1 in Stealth
 10413 | D:10     | Entered Level 10 of the Dungeon
 10419 | D:10     | Reached XP level 11. HP: 87/97 MP: 10/10
 10575 | D:10     | Noticed Harold
 10585 | D:10     | Killed Harold
 10586 | D:10     | Reached skill level 10 in Armour
 10602 | D:10     | Noticed Urug
 10618 | D:10     | Killed Urug
 10619 | D:10     | Reached skill level 14 in Long Blades
 10749 | D:10     | Noticed Fannar
 10766 | D:10     | Killed Fannar
 11046 | D:10     | Found a snail-covered altar of Cheibriados.
 11281 | D:11     | Noticed Erolcha
 11281 | Abyss:1  | Cast into level 1 of the Abyss (Erolcha)
 11282 | Abyss:1  | Lost mutation: Armour fits poorly on your strangely shaped
                  | body. [potion of mutation]
 11282 | Abyss:1  | Lost mutation: You are agile. (Dex +4, Str/Int -1) [potion
                  | of mutation]
 11282 | Abyss:1  | Lost mutation: You sometimes lose your temper in combat.
                  | [potion of mutation]
 11282 | Abyss:1  | Gained mutation: You are partially covered in large bone
                  | plates. (SH +4) [potion of mutation]
 11282 | Abyss:1  | Gained mutation: You are somewhat resistant to further
                  | mutation. [potion of mutation]
 11282 | Abyss:1  | Gained mutation: You have a pair of large horns on your
                  | head. [potion of mutation]
 11346 | D:11     | Escaped the Abyss
 11373 | D:11     | Killed Erolcha
 11374 | D:11     | Reached skill level 10 in Fighting
 11988 | D:11     | Found a portal to a secret trove of treasure.
 12454 | D:11     | Found a staircase to the Lair.
 12973 | Lair:1   | Entered Level 1 of the Lair of Beasts
 12986 | Lair:1   | Reached skill level 10 in Shields
 12997 | Lair:1   | Reached XP level 12. HP: 72/110 MP: 11/11
 13084 | Lair:1   | Reached skill level 15 in Long Blades
 14032 | Lair:2   | You fall into a shaft and drop 2 floors!
 14086 | Lair:3   | Noticed a five-headed hydra
 14112 | Lair:3   | Killed a seven-headed hydra
 14208 | Lair:3   | Found a runed translucent gate.
 14226 | Lair:3   | Found a staircase to the Snake Pit.
 14710 | Lair:2   | Found a runed translucent door.
 14734 | Lair:2   | Reached XP level 13. HP: 107/119 MP: 12/12
 15175 | Lair:2   | Noticed mdonais's ghost (journeyman DjCK)
 15216 | Lair:2   | Killed mdonais's ghost
 15283 | Lair:3   | Found a staircase to the Shoals.
 15565 | Lair:3   | Found a runed translucent gate.
 15565 | Lair:3   | Found a runed translucent gate.
 15568 | Lair:3   | Noticed Tollund's ghost (journeyman BaIE)
 15572 | Lair:3   | Found a viscous altar of Jiyva.
 16066 | Lair:3   | HP: 5/122 [eight-headed hydra[a glowing orange brain] (4)]
 16068 | Lair:3   | Mangled by a ten-headed hydra

Illustrated notes

Levels and vault maps discovered:
D:1:      minmay_arrival_wavy_path, layout_basic, grunt_decor_arrowhead,
          st_stairs_12
D:2:      layout_loops_cross, hellmonk_ecumenical_altar_slurped_away,
          minmay_crystal_water
D:3:      layout_rooms, regret_index_temple_of_mockery
D:4:      layout_basic, minmay_temple_entry_proselytizer, uniq_menkaure,
          uniq_pikel
D:5:      layout_loops_cross
D:6:      minmay_angry_zag, layout_basic, mainiacjoe_overflow_six_doors_small
D:7:      layout_loops_ring, uniq_crazy_yiuf_cottage
D:8:      minmay_flawed_box, layout_loops_ring, uniq_grum
D:9:      layout_basic, mainiacjoe_overflow_paths
D:10:     layout_loops_ring, slow_altar_2, uniq_urug, uniq_fannar, uniq_harold
D:11:     layout_loops_ring, erik_lair_dragon, nicolae_trove_entry_crystal,
          uniq_erolcha
Temple:   minmay_crystal_spiral_temple
Lair:1:   layout_regular_city
Lair:2:   minmay_lair_oklob_tunnel, layout_regular_city,
          ebering_ghost_reflecting_pool
Lair:3:   layout_chaotic_city, minmay_shoals_entry_centaurs,
          guppyfry_snake_entry_garden, gammafunk_ghost_ooze
Lair:4:   layout_misc_corridors, lemuel_fruit_fields

Skill      XL: |  1  2  3  4  5  6  7  8  9 10 11 12 13 |
---------------+----------------------------------------+-----
Fighting       | 4 5 6 8 9 11 12 13 | 13.0
Armour         | 4 6 7 8 9 11 12 | 12.7
Shields        | 4 5 6 7 8 10 12 | 12.6
Long Blades    | 3 4 6 7 9 11 13 14 15 | 15.9
Dodging        | 1 2 |  2.7
Stealth        | 1 2 |  2.4
Evocations     | |  0.1

Action                   |  1- 3 |  4- 6 |  7- 9 | 10-12 | 13-15 || total
-------------------------+-------+-------+-------+-------+-------++-------
Melee: Long sword        |   103 |    33 |   319 |       |       ||   455
       Headbutt          |     6 |     5 |    75 |   155 |    17 ||   258
       Falchion          |       |       |    60 |       |       ||    60
       Scimitar          |       |       |     6 |   660 |    52 ||   718
Evoke: Phantom mirror    |       |       |       |     1 |       ||     1
       Wand              |       |       |       |       |     3 ||     3
       Box of beasts     |       |       |       |       |     1 ||     1
  Use: Scroll            |     4 |     3 |     4 |     4 |     1 ||    16
       Potion            |       |     5 |     2 |    10 |       ||    17
Armor: Scale mail        |    42 |       |       |       |       ||    42
       Plate armour      |    13 |    10 |   196 |   278 |    72 ||   569
       Skin              |       |     2 |       |       |       ||     2
Dodge: Dodged            |    45 |     7 |    79 |   124 |    15 ||   270
Block: Buckler           |    25 |    18 |   115 |   110 |       ||   268
       Kite shield       |       |       |       |   344 |    26 ||   370
